 Dungeon Crawl Stone Soup version 0.19-a0-607-g42021f0 (webtiles) character file.

357 st0uf the Shield-Bearer (level 6, -6/49 HPs)
             Began as a Formicid Fighter on June 12, 2016.
             Killed from afar by Blork the orc (8 damage)
             ... with a puff of frost
             ... on level 4 of the Dungeon.
             The game lasted 00:11:05 (3313 turns).

st0uf the Shield-Bearer (Formicid Fighter)          Turns: 3313, Time: 00:11:06

Health: -6/49      AC:  7    Str: 23    XL:     6   Next: 96%
Magic:  6/6        EV:  9    Int:  8    God:
Gold:   106        SH: 10    Dex: 12    Spells: 0 memorised, 5 levels left

rFire  . . .     SeeInvis +     a - +0 war axe
rCold  . . .     Gourm    .     b - +0 scale mail
rNeg   . . .     Faith    .     c - +0 shield
rPois  .         Spirit   .     (helmet unavailable)
rElec  .         Dismiss  .     (no cloak)
rCorr  .         Reflect  .     (no gloves)
SustAt .         Harm     .     (no boots)
MR     .....                    (no amulet)
Stlth  ..........               (no ring)
                                F - +3 ring of strength

@: not resistant to hostile enchantments, extremely unstealthy
A: permanent stasis, dig shafts and tunnels, four strong arms, antennae 3
a: Dig, Shaft Self


You were on level 4 of the Dungeon.
You were not hungry.

You visited 1 branch of the dungeon, and saw 4 of its levels.

You collected 106 gold pieces.

Inventory:

Hand Weapons
 a - a +0 war axe (weapon)
Armour
 b - a +0 scale mail (worn)
 c - a +0 shield (worn)
Jewellery
 j - an uncursed amulet of faith
 u - an uncursed amulet of harm {unknown}
 w - an uncursed amulet of rage {unknown}
 F - a +3 ring of strength (left hand)
Wands
 v - a wand of flame (35/48)
 A - a wand of random effects (27/48)
Scrolls
 e - a scroll of fear {unknown}
 i - a scroll of enchant weapon {unknown}
 k - 3 scrolls of recharging {unknown}
 l - 3 scrolls of identify {unknown}
 r - 2 scrolls of teleportation {unknown}
 s - 3 scrolls of noise {unknown}
 x - a scroll of random uselessness {unknown}
 y - 2 scrolls of remove curse {unknown}
 C - a scroll of amnesia {unknown}
Potions
 d - a potion of might
 m - a potion of resistance {unknown}
 n - a potion of magic {unknown}
 o - a potion of brilliance {unknown}
 p - a potion of beneficial mutation {unknown}
 q - 2 potions of heal wounds {unknown}
 t - a potion of berserk rage {unknown}
 z - 2 potions of curing
 B - a potion of degeneration {unknown}
 D - a potion of cure mutation {unknown}
Comestibles
 f - 5 bread rations
 g - a beef jerky
 h - 3 fruits


   Skills:
 + Level 4.5 Fighting
 * Level 4.0 Axes
 + Level 4.6 Armour
 + Level 1.9 Dodging
 + Level 4.7 Shields


You had 5 spell levels left.
You didn't know any spells.

Dungeon Overview and Level Annotations

Branches:
Dungeon (4/15)
 Temple: D:4-7

Altars:
Ru

Annotations:
D:4 Blork the orc


Innate Abilities, Weirdness & Mutations

You are under a permanent stasis effect.
You can dig through walls and to a lower floor.
Your four strong arms can wield two-handed weapons with a shield.
You have a pair of large antennae on your head. (SInv)


Message History

You hit Blork the orc.
Blork the orc is lightly wounded.
Blork the orc hits you with a glaive!
* * * LOW HITPOINT WARNING * * *
You slash Blork the orc!
Blork the orc is moderately wounded.
Blork the orc completely misses you.
Blork the orc screams, "I'll cut your head off!"
You block Blork the orc's attack.
You barely miss Blork the orc.
Blork the orc is moderately wounded.
Blork the orc hits you with a glaive.
* * * LOW HITPOINT WARNING * * *
Unknown command.
You slash Blork the orc!
Blork the orc is almost dead.
Blork the orc barely misses you. Blork the orc casts a spell at you.
The puff of frost hits you!
You die...

#.## .# ##$..#.## ###
#.......# ########.. #
#.......# #......... ..
#.......# #.........
.$.#?......### #.........
S..........#@## #..(......
#........##o# #.........
#........#.#######.........
.......o.....................
..#.#...#.########.#.........
>..........# #.#.........
.#######..#.######.#.........
.....#........#.........
####..#######..#.........


You could see Blork the orc.

Vanquished Creatures
  A phantom (D:4)
  Terence (D:2)
  Natasha (thrice) (D:2)
  4 gnolls (D:3)
  5 adders
  An ooze (D:3)
  A worm (D:4)
  4 dart slugs
  3 giant geckos
  2 giant cockroaches
  7 goblins
  8 hobgoblins
  6 jackals
  2 ball pythons
  9 bats
  6 giant newts
  11 kobolds
  7 rats
81 creatures vanquished.

Notes
Turn   | Place    | Note
--------------------------------------------------------------
     0 | D:1      | st0uf the Formicid Fighter began the quest for the Orb.
     0 | D:1      | Reached XP level 1. HP: 18/18 MP: 1/1
   198 | D:1      | Reached XP level 2. HP: 18/25 MP: 2/2
   870 | D:2      | Reached XP level 3. HP: 26/30 MP: 3/3
   972 | D:2      | Noticed Terence
   989 | D:2      | Killed Terence
   989 | D:2      | Reached XP level 4. HP: 8/37 MP: 4/4
  1415 | D:2      | Noticed Natasha
  1427 | D:2      | Killed Natasha
  1427 | D:2      | Reached skill level 1 in Dodging
  1427 | D:2      | Reached XP level 5. HP: 33/42 MP: 5/5
  1631 | D:2      | Noticed Natasha
  1646 | D:2      | Killed Natasha
  1834 | D:2      | Noticed Natasha
  1844 | D:2      | Killed Natasha
  2118 | D:3      | Found a sacrificial altar of Ru.
  2132 | D:3      | Reached XP level 6. HP: 29/49 MP: 6/6
  2933 | D:4      | Noticed a phantom
  2991 | D:4      | Killed a phantom
  3297 | D:4      | Noticed Blork the orc
  3312 | D:4      | HP: 1/49 [Blork the orc/glaive (3)]
  3313 | D:4      | Killed from afar by Blork the orc

Vault maps used:
D:1:      minmay_arrival_radiant_lines, moated_statue
D:2:      uniq_terence, uniq_natasha
D:3:      nicolae_ru_sacrificial_ziggurat
D:4:      uniq_blork_the_orc

Skill      XL: |  1  2  3  4  5  6 |
---------------+-------------------+-----
Shields        | 4 |  4.7
Fighting       | 4 |  4.5
Axes           | 3 4 |  4.0
Dodging        | 1 |  1.9
Armour         | 4 |  4.6

Action                   |  1- 3 |  4- 6 || total
-------------------------+-------+-------++-------
Melee: War axe           |    67 |   198 ||   265
 Abil: Dig               |     1 |     1 ||     2
  Eat: Chunk             |       |     8 ||     8
Armor: Scale mail        |    27 |   105 ||   132
Dodge: Dodged            |    22 |    81 ||   103
Block: Shield            |    31 |   109 ||   140
